TOP OF THE 1ST |
Reading Rainbows batting - Pitching for Wilmington Rebels : LHP Nathan Armstrong
|
Pitching: LHP Nathan Armstrong
|
|
Batting: LHB Júlio Lorenzo
|
0-0: Ball 1-0: Foul Ball, location: 2F 1-1: Ball 2-1: Ball 3-1: Base on Balls
|
Batting: RHB Juan Magdayao
|
0-0: Ball 1-0: Called Strike 1-1: Called Strike 1-2: Ball 2-2: Ball 3-2: Base on Balls Júlio Lorenzo to second
|
Batting: RHB Germán Romero
|
0-0: Foul Ball, location: 2F 0-1: Ball 1-1: Ball 2-1: Swinging Strike 2-2: Strikes out looking
|
Batting: RHB Ron King
|
0-0: Called Strike Júlio Lorenzo is caught stealing 3rd base Juan Magdayao to second 0-1: Swinging Strike 0-2: Strikes out swinging
|
Top of the 1st over - 0 run(s), 0 hit(s), 0 error(s), 1 left on base; Reading 0 - Wilmington 0 |
BOTTOM OF THE 1ST |
Wilmington Rebels batting - Pitching for Reading Rainbows : RHP Jason MacKnight
|
Pitching: RHP Jason MacKnight
|
|
Batting: RHB Marlon Hernández
|
0-0: Ball 1-0: Called Strike 1-1: Ball 2-1: Ball 3-1: Foul Ball, location: 2F 3-2: Foul Ball, location: 2F 3-2: Ground out 5-3 (Groundball, 5S)
|
Batting: LHB Mario Álvarez
|
0-0: Fly out, F6 (Flyball, 56D)
|
Batting: RHB Remi Eruzione
|
0-0: Ball 1-0: TRIPLE (Flyball, 78M)
|
Batting: RHB Henry Dawson
|
0-0: Called Strike 0-1: Foul Ball, location: 2F 0-2: Ball 1-2: Strikes out swinging
|
Bottom of the 1st over - 0 run(s), 1 hit(s), 0 error(s), 1 left on base; Reading 0 - Wilmington 0 |
TOP OF THE 2ND |
Reading Rainbows batting - Pitching for Wilmington Rebels : LHP Nathan Armstrong
|
Batting: RHB Jeff Townsley
|
0-0: Called Strike 0-1: Ball 1-1: Ball 2-1: Reached on error, E5 (Groundball, 56S)
|
Batting: RHB Howard Johnson
|
0-0: SINGLE (Line Drive, 78S) Jeff Townsley to second
|
Batting: SHB Dan Chandler
|
0-0: Ball 1-0: Ball 2-0: Foul Ball, location: 2F 2-1: Foul Ball, location: 2F 2-2: Ground out 6-3 (Groundball, 6S) Jeff Townsley to third Howard Johnson to second
|
Batting: RHB Allen Hobbs
|
0-0: Called Strike 0-1: Ball 1-1: Ground out 5-3 (Groundball, 56S) Jeff Townsley scores Howard Johnson to third
|
Batting: RHB Hubert Brown
|
0-0: Ball 1-0: Called Strike 1-1: Swinging Strike 1-2: Strikes out swinging
|
Top of the 2nd over - 1 run(s), 1 hit(s), 1 error(s), 1 left on base; Reading 1 - Wilmington 0 |
BOTTOM OF THE 2ND |
Wilmington Rebels batting - Pitching for Reading Rainbows : RHP Jason MacKnight
|
Batting: RHB Sergio Moreno
|
0-0: Swinging Strike 0-1: Called Strike 0-2: Ball 1-2: Strikes out looking
|
Batting: LHB Miguel Medellín
|
0-0: Ground out 4-3 (Groundball, 34)
|
Batting: LHB Pedro Medine
|
0-0: Called Strike 0-1: Foul Ball, location: 2F 0-2: Ball 1-2: Ball 2-2: Foul Ball, location: 2F 2-2: Strikes out swinging
|
Bottom of the 2nd over - 0 run(s), 0 hit(s), 0 error(s), 0 left on base; Reading 1 - Wilmington 0 |
TOP OF THE 3RD |
Reading Rainbows batting - Pitching for Wilmington Rebels : LHP Nathan Armstrong
|
Batting: LHB Júlio Lorenzo
|
0-0: Foul Ball, location: 2F 0-1: Foul Ball, location: 2F 0-2: Strikes out looking
|
Batting: RHB Juan Magdayao
|
0-0: Called Strike 0-1: DOUBLE (Line Drive, 8LM)
|
Batting: RHB Germán Romero
|
0-0: Ball 1-0: Foul Ball, location: 2F 1-1: Ball 2-1: Ball 3-1: Base on Balls
|
Batting: RHB Ron King
|
0-0: Ground out 6-3 (Groundball, 6S) Juan Magdayao to third Germán Romero to second
|
Batting: RHB Jeff Townsley
|
0-0: Ball 1-0: Fly out, F6 (Line Drive, 6)
|
Top of the 3rd over - 0 run(s), 1 hit(s), 0 error(s), 2 left on base; Reading 1 - Wilmington 0 |
BOTTOM OF THE 3RD |
Wilmington Rebels batting - Pitching for Reading Rainbows : RHP Jason MacKnight
|
Batting: RHB Anastasio Movonda
|
0-0: SINGLE (Line Drive, 56D)
|
Batting: LHB Guillermo Santos
|
0-0: Called Strike 0-1: Ball Anastasio Movonda steals 2nd base 1-1: Foul Ball, location: 2F 1-2: Ball 2-2: Ball 3-2: Ground out 4-3 (Groundball, 34) Anastasio Movonda to third
|
Batting: RHB Marlon Hernández
|
0-0: Ball 1-0: Called Strike 1-1: Ball 2-1: Swinging Strike 2-2: Foul Ball, location: 2F 2-2: Foul Ball, location: 2F 2-2: Ball 3-2: SINGLE (Groundball, 56S) (infield hit) Anastasio Movonda scores
|
Batting: LHB Mario Álvarez
|
0-0: Fielders Choice at 2nd, 6-4 (Groundball, 6D)
|
Batting: RHB Remi Eruzione
|
0-0: Swinging Strike 0-1: SINGLE (Flyball, 9LS) Mario Álvarez to second Runner from 2nd tries for 3rd, SAFE, throw made to third Remi Eruzione to second
|
Batting: RHB Henry Dawson
|
0-0: Ball 1-0: Foul Ball, location: 2F 1-1: Swinging Strike 1-2: Strikes out looking
|
Bottom of the 3rd over - 1 run(s), 3 hit(s), 0 error(s), 2 left on base; Reading 1 - Wilmington 1 |
TOP OF THE 4TH |
Reading Rainbows batting - Pitching for Wilmington Rebels : LHP Nathan Armstrong
|
Batting: RHB Howard Johnson
|
0-0: Called Strike 0-1: Foul Ball, location: 2F 0-2: DOUBLE (Flyball, 89M)
|
Batting: SHB Dan Chandler
|
0-0: Foul Ball, location: 2F 0-1: Foul Ball, location: 2F 0-2: Ball 1-2: Fly out, F8 (Flyball, 89M)
|
Batting: RHB Allen Hobbs
|
0-0: Foul Ball, location: 2F 0-1: Called Strike 0-2: Strikes out swinging
|
Batting: RHB Hubert Brown
|
0-0: Called Strike 0-1: Ball 1-1: Ball 2-1: Foul Ball, location: 2F 2-2: Strikes out swinging
|
Top of the 4th over - 0 run(s), 1 hit(s), 0 error(s), 1 left on base; Reading 1 - Wilmington 1 |
BOTTOM OF THE 4TH |
Wilmington Rebels batting - Pitching for Reading Rainbows : RHP Jason MacKnight
|
Batting: RHB Sergio Moreno
|
0-0: Called Strike 0-1: Called Strike 0-2: Ball 1-2: Fly out, F7 (Line Drive, 78M)
|
Batting: LHB Miguel Medellín
|
0-0: Ball 1-0: Ground out 6-3 (Groundball, 6S)
|
Batting: LHB Pedro Medine
|
0-0: Ball 1-0: Ball 2-0: Foul Ball, location: 2F 2-1: Foul Ball, location: 2F 2-2: Fly out, F9 (Line Drive, 9D)
|
Bottom of the 4th over - 0 run(s), 0 hit(s), 0 error(s), 0 left on base; Reading 1 - Wilmington 1 |
TOP OF THE 5TH |
Reading Rainbows batting - Pitching for Wilmington Rebels : LHP Nathan Armstrong
|
Batting: LHB Júlio Lorenzo
|
0-0: Ball 1-0: Ball 2-0: Called Strike 2-1: Ground out 1-3 (Groundball, P)
|
Batting: RHB Juan Magdayao
|
0-0: Ball 1-0: Ball 2-0: Called Strike 2-1: Ball 3-1: Foul Ball, location: 2F 3-2: Strikes out looking
|
Batting: RHB Germán Romero
|
0-0: Ball 1-0: Called Strike 1-1: Ball 2-1: Ball 3-1: Base on Balls
|
Batting: RHB Ron King
|
0-0: Ball 1-0: Called Strike 1-1: Foul Ball, location: 2F 1-2: Ground out 1-3 (Groundball, P)
|
Top of the 5th over - 0 run(s), 0 hit(s), 0 error(s), 1 left on base; Reading 1 - Wilmington 1 |
BOTTOM OF THE 5TH |
Wilmington Rebels batting - Pitching for Reading Rainbows : RHP Jason MacKnight
|
Batting: RHB Anastasio Movonda
|
0-0: Foul Ball, location: 2F 0-1: Ball 1-1: Ball 2-1: Ball 3-1: DOUBLE (Line Drive, 78M)
|
Batting: LHB Guillermo Santos
|
0-0: Swinging Strike 0-1: Called Strike 0-2: Foul Ball, location: 2F 0-2: SINGLE (Line Drive, 3D) Anastasio Movonda to third Runner from 3rd tries for Home, SAFE, no throw
|
Batting: RHB Marlon Hernández
|
0-0: Ball 1-0: Ball 2-0: Called Strike 2-1: Swinging Strike 2-2: Strikes out looking
|
Batting: LHB Mario Álvarez
|
0-0: Ball 1-0: Swinging Strike 1-1: Called Strike 1-2: Ball 2-2: Foul Ball, location: 2F 2-2: Foul Ball, location: 2F 2-2: Foul Ball, location: 2F 2-2: Fly out, F9 (Flyball, 9)
|
Batting: RHB Remi Eruzione
|
0-0: Swinging Strike 0-1: Ball 1-1: Foul Ball, location: 2F 1-2: Ball 2-2: Fly out, F8 (Flyball, 8LS)
|
Bottom of the 5th over - 1 run(s), 2 hit(s), 0 error(s), 1 left on base; Reading 1 - Wilmington 2 |
TOP OF THE 6TH |
Reading Rainbows batting - Pitching for Wilmington Rebels : LHP Nathan Armstrong
|
Batting: RHB Jeff Townsley
|
0-0: SINGLE (Line Drive, 78S)
|
Batting: RHB Howard Johnson
|
0-0: Foul Ball, location: 2F 0-1: Ball 1-1: Ball 2-1: Grounds into double play, 5-4-3 (Groundball, 56)
|
Batting: SHB Dan Chandler
|
0-0: Called Strike 0-1: Ball 1-1: Ball 2-1: Foul Ball, location: 2F 2-2: Strikes out looking
|
Top of the 6th over - 0 run(s), 1 hit(s), 0 error(s), 0 left on base; Reading 1 - Wilmington 2 |
BOTTOM OF THE 6TH |
Wilmington Rebels batting - Pitching for Reading Rainbows : RHP Jason MacKnight
|
Batting: RHB Henry Dawson
|
0-0: Called Strike 0-1: Foul Ball, location: 2F 0-2: Foul Ball, location: 2F 0-2: SINGLE (Groundball, 6MD)
|
Batting: RHB Sergio Moreno
|
0-0: Ball Henry Dawson is caught stealing 2nd base 1-0: Ball 2-0: Called Strike 2-1: Ball 3-1: Ground out 6-3 (Groundball, 6)
|
Batting: LHB Miguel Medellín
|
0-0: Ball 1-0: DOUBLE (Line Drive, 78D)
|
Pitching: RHP Cory Powell
|
|
Batting: LHB Pedro Medine
|
0-0: Swinging Strike 0-1: Ball 1-1: Ball 2-1: Fly out, F8 (Flyball, 8LXD)
|
Bottom of the 6th over - 0 run(s), 2 hit(s), 0 error(s), 1 left on base; Reading 1 - Wilmington 2 |
TOP OF THE 7TH |
Reading Rainbows batting - Pitching for Wilmington Rebels : LHP Nathan Armstrong
|
Batting: RHB Allen Hobbs
|
0-0: Ball 1-0: Ground out 6-3 (Groundball, 6)
|
Pitching: RHP Thomas Dent
|
|
Batting: RHB Hubert Brown
|
0-0: Called Strike 0-1: Foul Ball, location: 2F 0-2: Strikes out looking
|
Batting: LHB Júlio Lorenzo
|
0-0: Called Strike 0-1: Fly out, F8 (Line Drive, 78XD)
|
Top of the 7th over - 0 run(s), 0 hit(s), 0 error(s), 0 left on base; Reading 1 - Wilmington 2 |
BOTTOM OF THE 7TH |
Wilmington Rebels batting - Pitching for Reading Rainbows : RHP Cory Powell
|
Batting: RHB Anastasio Movonda
|
0-0: SINGLE (Line Drive, 6D)
|
Batting: LHB Guillermo Santos
|
0-0: Ball 1-0: Bunted foul 1-1: Ball 2-1: Bunt missed! 2-2: Fly out, F8 (Flyball, 8LM)
|
Pinch Hitting: RHB Víctor Márquez
|
0-0: Ball 1-0: Ball 2-0: Called Strike 2-1: Fly out, F9 (Flyball, 9)
|
Batting: LHB Mario Álvarez
|
0-0: Called Strike 0-1: Swinging Strike 0-2: Ball 1-2: Ball 2-2: Strikes out swinging
|
Bottom of the 7th over - 0 run(s), 1 hit(s), 0 error(s), 1 left on base; Reading 1 - Wilmington 2 |
TOP OF THE 8TH |
Reading Rainbows batting - Pitching for Wilmington Rebels : RHP Thomas Dent
|
Now at 3B: Roy MacCluskie
|
|
Batting: RHB Juan Magdayao
|
0-0: Ball 1-0: Ball 2-0: Ball 3-0: Called Strike 3-1: SINGLE (Line Drive, 7S)
|
Pinch Runner at 1st Carlos Huerta:
|
|
Batting: RHB Germán Romero
|
0-0: Ball 1-0: Called Strike 1-1: Ball Pickoff Throw to First - Error! E1 Carlos Huerta to second 2-1: Foul Ball, location: 2F 2-2: Strikes out looking
|
Batting: RHB Ron King
|
0-0: Fly out, F4 (Popup, 4S)
|
Pinch Hitting: LHB Shane Lynch
|
0-0: Called Strike 0-1: Foul Ball, location: 2F 0-2: Ball 1-2: Foul Ball, location: 2F 1-2: Foul Ball, location: 2F 1-2: Ground out 5-3 (Groundball, 56D)
|
Top of the 8th over - 0 run(s), 1 hit(s), 1 error(s), 1 left on base; Reading 1 - Wilmington 2 |
BOTTOM OF THE 8TH |
Wilmington Rebels batting - Pitching for Reading Rainbows : RHP Cory Powell
|
Now at 2B: Lorenzo Cintrón
|
|
Now in LF: Shane Lynch
|
|
Batting: RHB Remi Eruzione
|
0-0: SINGLE (Line Drive, 6M)
|
Pinch Hitting: LHB Juan Delgado
|
0-0: Swinging Strike 0-1: Called Strike 0-2: Fly out, F9 (Flyball, 89M)
|
Batting: RHB Sergio Moreno
|
0-0: Ball 1-0: SINGLE (Line Drive, 89S) Remi Eruzione to second
|
Batting: LHB Miguel Medellín
|
0-0: Ball 1-0: Foul Ball, location: 2F 1-1: Ball Remi Eruzione steals 3rd base Sergio Moreno to second 2-1: Intentional Walk
|
Batting: LHB Pedro Medine
|
0-0: Grounds into fielders choice 4-2 (Groundball, 4) Sergio Moreno to third Miguel Medellín to second
|
Batting: RHB Anastasio Movonda
|
0-0: Ball 1-0: Swinging Strike 1-1: Fielders Choice at 2nd, 4-6 (Groundball, 4)
|
Bottom of the 8th over - 0 run(s), 2 hit(s), 0 error(s), 2 left on base; Reading 1 - Wilmington 2 |
TOP OF THE 9TH |
Reading Rainbows batting - Pitching for Wilmington Rebels : RHP Thomas Dent
|
Pitching: RHP Jim Wilson
|
|
Now at 1B: Ivan Costello
|
|
Pinch Hitting: RHB Ethan Moore
|
0-0: DOUBLE (Line Drive, 8RXD)
|
Pinch Hitting: RHB Richard Case
|
0-0: Ball 1-0: Called Strike 1-1: Ground out 5-3 (Groundball, 5L)
|
Pinch Hitting: LHB Richard Henry
|
0-0: Called Strike 0-1: Ground out 6-3 (Groundball, 6)
|
Batting: RHB Hubert Brown
|
0-0: Called Strike 0-1: Foul Ball, location: 2F 0-2: Foul Ball, location: 2F 0-2: Ball 1-2: Strikes out swinging
|
Top of the 9th over - 0 run(s), 1 hit(s), 0 error(s), 1 left on base; Reading 1 - Wilmington 2 |
|